AoeStats
← SanchoPanza

Black Forest

509729285Analyzed
4v4 RM · 5d ago on Sep 27, 2026· 55m 17s· 8 players
Game mode
Random Map
Map size
Large (8 player)
Population
200
Speed
Normal
Resources
Standard
Victory
Conquest
Starting age
Dark Age
Ending age
Imperial Age
RankedLock teamsTeams togetherTeam positionsShared explorationLock speedFull tech treeHidden civsTurbo modeCheats
Victory
Defeat
🇵🇪 Vietnamese · Peru
628
+18
🇦🇷 Hindustanis · Argentina
591
+19
🇪🇸 Japanese · Spain
575
+20
🇨🇴 Turks · Colombia
546
+21
🇪🇸 Bohemians · Spain
780
-25
🇪🇸 Persians · Spain
734
-23
🇪🇸 Vietnamese · Spain
562
-15
🇪🇸 Cumans · Spain
557
-15
er_Dionis
5:07 Loom
12:49 Feudal Age
17:46 Castle Age
17:55 Double-Bit Axe
18:03 Horse Collar
21:07 Bow Saw
22:06 Heavy Plow
25:05 Pikeman
25:39 Gambesons
25:56 Squires
33:05 Imperial Age
32:24 Elite Skirmisher
33:13 Thumb Ring
36:27 Two-Man Saw
36:08 Wheelbarrow
35:33 Gold Mining
36:09 Ballistics
36:53 Chemistry
35:52 Murder Holes
35:54 Fletching
36:05 Padded Archer Armor
36:15 Forging
36:06 Scale Mail Armor
35:32 Halberdier
35:42 Imperial Skirmisher
36:40 Bodkin Arrow
37:25 Hand Cart
38:36 Parthian Tactics
38:42 Conscription
38:44 Town Watch
39:20 Heavy Cavalry Archer
41:59 Elite Samurai
43:54 Gold Shaft Mining
44:49 Iron Casting
44:29 Chain Mail Armor
44:32 Leather Archer Armor
44:53 Bracer
48:08 Blast Furnace
47:39 Plate Mail Armor
$$El TinkiWinki$$
4:43 Loom
12:14 Feudal Age
17:08 Wheelbarrow
18:14 Fishing Lines
21:29 Castle Age
20:29 Double-Bit Axe
21:30 Horse Collar
22:50 Bow Saw
23:07 Man-at-Arms
23:57 Caravan
27:45 Pikeman
30:33 Murder Holes
37:58 Imperial Age
35:17 Town Watch
39:26 Hand Cart
43:14 Chemistry
46:01 Heavy Camel Rider
46:42 Husbandry
46:52 Bloodlines
49:35 Imperial Camel Rider
52:15 Forging
53:43 Heavy Plow
54:47 Two-Man Saw
WARRIOR9608
18:11 Feudal Age
23:37 Double-Bit Axe
23:36 Horse Collar
25:13 Stone Mining
25:15 Gold Mining
30:49 Castle Age
32:12 Bow Saw
32:11 Caravan
36:42 Heavy Plow
41:24 Imperial Age
39:33 Wheelbarrow
Althair
12:39 Feudal Age
13:12 Double-Bit Axe
15:10 Fishing Lines
16:24 Horse Collar
19:25 Wheelbarrow
20:12 Horse Collar
24:07 Castle Age
22:13 Gold Mining
22:15 Stone Mining
22:23 Stone Mining
22:37 Padded Archer Armor
22:27 Fletching
24:40 Gillnets
25:25 Hand Cart
25:23 Bow Saw
25:18 Heavy Plow
25:57 Stone Shaft Mining
25:35 Town Watch
26:54 Caravan
36:50 Imperial Age
37:34 Leather Archer Armor
37:14 Bodkin Arrow
36:42 Pikeman
37:23 Squires
37:08 Arson
38:12 Ballistics
38:53 Chemistry
37:51 Murder Holes
38:55 Crop Rotation
39:28 Two-Man Saw
39:21 Paper Money
38:22 Elite Rattan Archer
39:37 Ring Archer Armor
39:08 Bracer
39:13 Town Patrol
43:42 Crossbowman
44:27 Thumb Ring
43:51 Onager
44:18 Arbalester
49:00 Elite Skirmisher
50:12 Imperial Skirmisher
51:38 Elite Battle Elephant
51:47 Light Cavalry
52:37 Bloodlines
52:28 Husbandry
53:40 Cavalier
peyc12
12:29 Feudal Age
16:40 Castle Age
16:11 Horse Collar
16:19 Double-Bit Axe
19:34 Wheelbarrow
19:36 Bow Saw
23:45 Ballistics
25:02 Masonry
28:09 Hand Cart
28:28 Fishing Lines
32:16 Imperial Age
31:58 Padded Archer Armor
31:49 Fletching
32:15 Wagenburg Tactics
33:13 Chemistry
32:16 Caravan
32:36 Gillnets
33:57 Conscription
33:14 Houfnice
33:22 Pikeman
33:25 Elite Skirmisher
36:13 Halberdier
36:54 Squires
36:18 Imperial Skirmisher
39:33 Siege Engineers
41:02 Bodkin Arrow
41:23 Leather Archer Armor
41:08 Scale Mail Armor
41:19 Forging
45:05 Bracer
45:36 Ring Archer Armor
45:41 Iron Casting
45:22 Chain Mail Armor
47:05 Two-Man Saw
SanchoPanza
10:35 Loom
14:37 Feudal Age
15:54 Wheelbarrow
15:08 Double-Bit Axe
15:40 Gold Mining
16:13 Stone Mining
25:50 Castle Age
24:22 Horse Collar
26:48 Hand Cart
26:56 Bow Saw
27:13 Heavy Plow
29:32 Pikeman
30:13 Squires
35:38 Gold Shaft Mining
40:25 Imperial Age
38:24 Fletching
38:34 Padded Archer Armor
38:40 Scale Barding Armor
38:37 Scale Mail Armor
38:47 Forging
39:44 Steppe Husbandry
41:34 Conscription
42:53 Two-Man Saw
42:26 Crop Rotation
43:30 Steppe Husbandry
48:00 Halberdier
Motopapi
14:21 Feudal Age
15:48 Wheelbarrow
15:08 Double-Bit Axe
15:12 Horse Collar
20:28 Stone Mining
20:28 Gold Mining
26:05 Castle Age
26:43 Forging
26:39 Scale Barding Armor
26:25 Fletching
26:36 Padded Archer Armor
27:07 Hand Cart
26:55 Heavy Plow
27:14 Bow Saw
26:49 Fishing Lines
27:51 Elite Skirmisher
28:45 Husbandry
28:56 Bloodlines
34:58 Thumb Ring
35:34 Iron Casting
34:55 Bodkin Arrow
35:16 Leather Archer Armor
35:22 Chain Barding Armor
36:46 Stone Shaft Mining
37:27 Heated Shot
37:57 Ballistics
37:49 Fortified Wall
37:38 Murder Holes
37:54 Masonry
37:36 Guard Tower
37:27 Treadmill Crane
38:27 Caravan
43:20 Imperial Age
42:43 Gillnets
46:49 Chemistry
45:51 Bracer
46:22 Ring Archer Armor
46:32 Plate Barding Armor
48:04 Two-Man Saw
46:31 Imperial Skirmisher
48:04 Elite Battle Elephant
labruixaavorrida
5:58 Loom
14:49 Feudal Age
16:05 Wheelbarrow
18:44 Double-Bit Axe
18:44 Horse Collar
23:27 Castle Age
21:23 Gold Mining
21:45 Scale Barding Armor
23:14 Bloodlines
23:07 Scale Mail Armor
23:18 Forging
26:26 Husbandry
28:28 Crossbowman
30:10 Hand Cart
35:18 Thumb Ring
38:38 Imperial Age
38:50 Kamandaran
40:02 Bow Saw
39:56 Padded Archer Armor
44:02 Gold Shaft Mining
43:17 Heavy Camel Rider
44:41 Chain Barding Armor
44:37 Chain Mail Armor
44:57 Iron Casting
Connection lost

Rejoining the realm…

Still unreachable

The connection could not be restored.

Session expired

The server has moved on; the page needs a fresh start.